Map: Orbital Shipyard

Players

Bop

  • Race: Terran Terran

MrMeeseeks - Winner!

  • Race: Zerg Zerg

VOD

Have the link to the VOD?

Description

Time

  • Played on: May 3, 2015, 9:23 p.m.
  • Length: 7:54
Show
View Real Time Build Order
Export as new Build Order

Bop Terran 

Build Orders: Mech, Siege Tank Drop 

Get SALT Encoding   

  12  0:01  SCV  
  13  0:13  SCV  
  14  0:24  Supply Depot  
  14  0:25  SCV  
  15  0:45  SCV  
  15  0:47  Barracks  
  15  0:49  Refinery  
  16  0:57  SCV  
  17  1:09  SCV  
  18  1:21  SCV  
  19  1:29  Command Center  
  19  1:34  SCV  
  19  1:35  Marine  
  21  1:46  Orbital Command  
  21  1:53  Marine  
  22  2:03  Factory  
  22  2:11  Marine  
  23  2:27  Supply Depot  
  23  2:39  Barracks Tech Lab  
  23  2:40  SCV  
  24  2:44  Orbital Command  
  24  2:48  Factory Tech Lab, Starport  
  24  2:53  SCV  
  24  2:55  Refinery  
  25  3:05  SCV  
  26  3:13  SCV  
  26  3:14  Barracks Reactor  
  26  3:17  SCV  
  28  3:24  Command Center  
  28  3:32  SCV x2  
  30  3:36  Siege Tank  
  33  3:44  SCV x2  
  33  3:45  Supply Depot  
  35  3:51  Marine x2  
  37  3:56  SCV x2, Medivac  
  41  4:07  Refinery  
  41  4:08  SCV x2  
  41  4:09  Supply Depot  
  43  4:10  Refinery  
  43  4:19  Marine  
  43  4:20  SCV x2, Siege Tank, Marine  
  50  4:32  SCV  
  50  4:33  SCV  
  52  4:38  Orbital Command  
  52  4:42  Supply Depot  
  52  4:43  Marine  
  52  4:45  SCV x2  
  58  4:52  Siege Tank  
  58  4:57  SCV x2  
  58  4:59  Banshee  
  63  5:09  SCV x2  
  63  5:10  SCV  
  66  5:19  Supply Depot  
  66  5:21  SCV x2  
  68  5:24  Siege Tank  
  71  5:29  Factory x2  
  71  5:37  SCV x2  
  71  5:38  SCV  
  71  5:44  Banshee  
  71  5:45  Orbital Command  
  71  5:49  SCV x2  
  76  5:55  Command Center  
  76  5:57  Siege Tank  
  79  6:04  Refinery  
  79  6:06  Armory  
  79  6:09  Refinery  
  79  6:19  Factory Tech Lab  
  79  6:20  Factory Tech Lab  
  79  6:24  Cloaking Field  
  79  6:29  Siege Tank  
  82  6:41  Siege Tank x2  
  82  6:44  SCV  
  82  6:45  SCV x2  
  91  6:49  Factory  
  91  6:56  SCV  
  91  6:57  SCV  
  93  7:07  SCV, Siege Tank  
  97  7:09  SCV x2  
  97  7:11  Factory  
  97  7:12  SCV  
  100  7:19  SCV  
  100  7:21  SCV  
Show
View Real Time Build Order
Export as new Build Order

MrMeeseeks Zerg - Winner!

Build Orders: Hatch First, Muta Ling Bane 

Get SALT Encoding   

  12  0:01  Drone  
  13  0:11  Drone  
  14  0:17  Overlord  
  14  0:27  Extractor  
  14  0:28  Drone  
  15  0:36  Drone x2  
  17  0:53  Hatchery  
  17  0:54  Drone  
  17  0:58  Drone  
  18  1:06  Drone  
  19  1:15  Spawning Pool  
  19  1:18  Drone  
  19  1:27  Drone  
  20  1:37  Overlord  
  20  1:41  Extractor  
  19  1:49  Drone  
  20  1:59  Drone  
  21  2:02  Queen  
  21  2:04  Queen  
  21  2:05  Zergling x2  
  26  2:10  Overlord  
  26  2:17  Drone  
  27  2:27  Drone  
  28  2:31  Drone  
  28  2:34  Drone  
  30  2:38  Queen  
  30  2:39  Overlord  
  30  2:40  Queen  
  34  2:46  Metabolic Boost  
  34  2:50  Overlord  
  34  2:54  Overlord  
  34  2:57  Drone  
  34  3:06  Drone x2  
  34  3:12  Drone x2  
  38  3:14  Drone x2  
  38  3:15  Drone x2  
  42  3:26  Hatchery  
  41  3:30  Drone x2  
  43  3:35  Drone x2  
  43  3:36  Drone  
  46  3:45  Drone x5  
  46  3:47  Extractor  
  50  3:49  Extractor  
  50  3:53  Overlord  
  50  3:54  Drone x2  
  50  3:55  Drone  
  52  3:59  Overlord  
  52  4:01  Drone  
  53  4:06  Drone  
  54  4:12  Spore Crawler  
  53  4:17  Spore Crawler  
  53  4:19  Lair  
  53  4:21  Spore Crawler  
  53  4:23  Spore Crawler  
  50  4:26  Zergling x8  
  50  4:27  Zergling x2  
  55  4:32  Extractor  
  55  4:35  Spore Crawler  
  53  4:49  Baneling Nest  
  52  5:10  Zergling x10  
  52  5:11  Zergling x2  
  57  5:14  Queen  
  59  5:26  Drone x2  
  59  5:27  Drone x7  
  59  5:28  Drone x5  
  73  5:37  Drone x3  
  73  5:38  Drone x3  
  79  5:44  Spire  
  79  5:47  Overseer  
  78  5:54  Extractor  
  78  5:56  Extractor  
  74  5:59  Zergling x2  
  74  6:00  Zergling x8  
  77  6:09  Baneling x6  
  77  6:10  Centrifical Hooks  
  77  6:13  Drone x2  
  77  6:14  Evolution Chamber  
  77  6:16  Evolution Chamber  
  77  6:23  Overseer  
  77  6:31  Baneling  
  77  6:32  Baneling x4  
  76  6:34  Zergling x6  
  76  6:35  Zergling x6  
  76  6:37  Overlord x3  
  82  6:51  Overlord  
  82  6:52  Overlord  
  82  6:56  Overseer  
  80  7:07  Drone x4  
  80  7:08  Drone x4  
  88  7:12  Mutalisk x6  
  91  7:27  Zergling x2  
  91  7:28  Zergling x22  
Tags
 
Add a new tag
Caveats
  • Supply blocks, unpowered buildings, or Contaminate may cause inaccurate times.
  • Supply counts are checked every 10 seconds.